 Dungeon Crawl Stone Soup version 0.30.1-3-gfc49f6343a (webtiles) character file.

Game seed: 16749770011875428753

1117 Wiggles the Cleaver (level 8, -3/71 HPs)
             Began as a Minotaur Berserker on July 24, 2023.
             Was a Priest of Trog.
             Succumbed to a gnoll sergeant's poison
             ... on level 6 of the Dungeon.
             The game lasted 00:07:43 (3814 turns).

Wiggles the Cleaver (Minotaur Berserker)            Turns: 3814, Time: 00:07:44

Health: -3/71      AC: 10    Str: 24    XL:     8   Next: 12%
Magic:  7/7        EV: 11    Int:  4    God:    Trog [***...]
Gold:   116        SH:  0    Dex: 10    Spells: 7/7 levels left

rFire   . . .        a - +0 hand axe
rCold   . . .        (no shield)
rNeg    . . .        f - +0 scale mail
rPois   .            (helmet restricted)
rElec   .            u - +0 cloak
rCorr   .            (no gloves)
SInv    +            w - +0 pair of boots
Will    .....        t - amulet of Elaphonn {Faith Slay+6} Stlth
                     b - ring of see invisible
HPRegen 0.31/turn    (no ring)
MPRegen 0.10/turn

%: faith
@: lethally poisoned (-3 -> -30), on berserk cooldown, slowed, very slow
A: horns 2, retaliatory headbutt
a: Renounce Religion, Berserk, Trog's Hand


You were on level 6 of the Dungeon.
You worshipped Trog.
Trog was most pleased with you.
You visited 1 branch of the dungeon, and saw 6 of its levels.

You collected 171 gold pieces.
You spent 55 gold pieces at shops.

Inventory:

Hand Weapons
 a - a +0 hand axe (weapon)
Armour
 f - a +0 scale mail (worn)
 u - a +0 cloak (worn)
 w - a +0 pair of boots (worn)
Jewellery
 b - a ring of see invisible (left hand)
 t - the amulet of Elaphonn (around neck) {Faith Slay+6}
   (You found it on level 3 of the Dungeon)

   [amulet of faith]

   It allows you to gain divine favour quickly.
   Slay:      It affects your accuracy & damage with ranged weapons and melee
   (+6).
Wands
 o - a wand of polymorph (10)
Scrolls
 h - 8 scrolls of identify {unknown}
 k - a scroll of blinking {unknown}
 m - 2 scrolls of silence {unknown}
 p - 4 scrolls of fog {unknown}
 q - 3 scrolls of immolation {unknown}
 s - 2 scrolls of noise {unknown}
 v - 2 scrolls of enchant weapon {unknown}
 x - a scroll of teleportation {unknown}
Potions
 c - a potion of lignification {unknown}
 d - a potion of attraction {unknown}
 e - 2 potions of haste {unknown}
 g - 2 potions of heal wounds
 i - a potion of mutation {unknown}
 j - a potion of brilliance {unknown}
 l - 2 potions of curing {unknown}
 n - 2 potions of might
 r - a potion of degeneration {unknown}
 z - a potion of cancellation {unknown}


   Skills:
 + Level 6.5 Fighting
 + Level 8.0 Axes
 + Level 6.1 Armour
 + Level 3.9 Dodging
 + Level 0.9 Stealth
 + Level 1.0 Unarmed Combat


You had 7 spell levels left.
You didn't know any spells.
Your spell library was empty.

Dungeon Overview and Level Annotations

Branches:
Dungeon (6/15)
 Temple: D:4-7

Altars:
Cheibriados
Okawaru
Ru
Sif Muna
Wu Jian
The Shining One

Shops:
D:3 !=(!


Innate Abilities, Weirdness & Mutations

You have a pair of horns on your head.
You reflexively headbutt those who attack you in melee.


Message History

The curare-tipped dart barely misses you.
The curare-tipped dart barely misses the orc warrior.
The orc warrior hits you with a +0 mace!
The gnoll sergeant hits you from afar with a +2 spear of venom!
You are more poisoned.
The killer bee stings you.
Your Axes skill increases to level 8!
Things that are here:
a +0 mace; a +0 leather armour The killer bee attacks as you move away!
The killer bee completely misses you.
You are no longer berserk.
You are exhausted.
You feel as though you will be slow longer.
* * * LOW HITPOINT WARNING * * *
You feel extremely sick.
The kobold throws a stone.
The stone hits you but does no damage.
The orc warrior hits you but does no damage.
The killer bee stings you.
* * * LOW HITPOINT WARNING * * *
Items here: ) [ ††.
The killer bee attacks as you move away!
The killer bee stings you but does no damage.
* * * LOW HITPOINT WARNING * * *
You feel extremely sick.
The killer bee stings you but does no damage.
The orc warrior closely misses you. You furiously retaliate!
You headbutt the orc warrior.
The killer bee stings you but does no damage.
The gnoll sergeant hits you but does no damage.
You are more poisoned.
The killer bee completely misses you. You furiously retaliate!
You headbutt the killer bee!
The orc warrior hits you with a +0 mace.
* * * LOW HITPOINT WARNING * * *
The killer bee barely misses you.
You miss the killer bee. Your punch misses the killer bee.
You closely miss the killer bee. You hit the orc warrior.
You barely miss the killer bee.
You die...

#..# # #..## .#
#....# ...
##.##.. ..
.......###.#
###.....<...####.
....#..#.##.....#
.......yog#.....#
....(..@)yYg.....
.....).yyg.g.....
........K.gK.....
.................
..........K......
.....$......K....
........#.....!..
........#........


You could see an orc warrior, an ice beast, a kobold brigand, a gnoll sergeant,
4 killer bees, 4 gnolls and 3 kobolds.

Vanquished Creatures
  Sigmund (D:2)
  An ogre (D:5)
  2 scorpions (D:5)
  2 killer bees (D:6)
  3 hounds
  2 jellies
  An orc priest (D:5)
  Crazy Yiuf (D:4)
  3 iguanas (D:5)
  Natasha (thrice) (D:2)
  Terence (D:3)
  A sleepcap (D:4)
  3 orc wizards
  5 adders
  An ufetubus (D:4)
  A worm (D:4)
  4 dart slugs
  20 orcs
  7 ball pythons
  11 endoplasms
  A giant cockroach (D:1)
  6 goblins
  4 hobgoblins
  7 kobolds
  5 quokkas
  4 bats (D:1)
  4 frilled lizards
  5 rats
109 creatures vanquished.

Notes
Turn   | Place    | Note
-------+----------+-------------------------------------------
     0 | D:1      | Wiggles the Minotaur Berserker began the quest for the Orb.
     0 | D:1      | Reached XP level 1. HP: 19/19 MP: 0/0
   174 | D:1      | Reached XP level 2. HP: 22/27 MP: 1/1
   216 | D:1      | Reached skill level 4 in Axes
   644 | D:1      | Reached XP level 3. HP: 32/33 MP: 2/2
  1026 | D:2      | Noticed Sigmund
  1037 | D:2      | Killed Sigmund
  1038 | D:2      | Reached skill level 5 in Fighting
  1038 | D:2      | Reached skill level 5 in Axes
  1038 | D:2      | Reached XP level 4. HP: 42/42 MP: 3/3
  1038 | D:2      | Reached XP level 5. HP: 48/48 MP: 4/4
  1109 | D:2      | You fall into a shaft and drop 2 floors!
  1137 | D:4      | Reached ** piety under Trog
  1195 | D:2      | Found an iron altar of Okawaru.
  1478 | D:2      | Noticed Natasha
  1494 | D:2      | Killed Natasha
  1495 | D:2      | Reached XP level 6. HP: 41/56 MP: 5/5
  1608 | D:2      | Noticed Natasha
  1616 | D:2      | Killed Natasha
  1617 | D:2      | Reached skill level 6 in Axes
  1619 | D:2      | Noticed Natasha
  1626 | D:2      | Killed Natasha
  1708 | D:3      | Found Ylunn's Distillery.
  1713 | D:3      | Bought a potion of heal wounds for 55 gold pieces
  1766 | D:3      | Noticed Terence
  1776 | D:3      | Killed Terence
  1778 | D:3      | Found Jophi's Jewellery Emporium.
  1895 | D:3      | Found Lashroer's Distillery.
  1927 | D:3      | Found Pemij's Antique Weapon Emporium.
  2084 | D:3      | Identified the amulet of Elaphonn {Faith Slay+6}
  2325 | D:4      | Found a runed translucent door.
  2326 | D:4      | Noticed Crazy Yiuf
  2332 | D:4      | Killed Crazy Yiuf
  2528 | D:4      | Found a snail-covered altar of Cheibriados.
  2531 | D:4      | Found a shimmering blue altar of Sif Muna.
  2764 | D:4      | Found a glowing golden altar of the Shining One.
  2764 | D:4      | Found an ornate altar of the Wu Jian Council.
  2839 | D:5      | Entered Level 5 of the Dungeon
  2852 | D:5      | Reached XP level 7. HP: 61/62 MP: 6/6
  2868 | D:5      | Reached *** piety under Trog
  2869 | D:5      | Reached skill level 5 in Armour
  3111 | D:5      | Reached skill level 7 in Axes
  3204 | D:5      | Reached skill level 1 in Unarmed Combat
  3639 | D:5      | Found a sacrificial altar of Ru.
  3805 | D:6      | Reached XP level 8. HP: 71/71 MP: 7/7
  3812 | D:6      | Reached skill level 8 in Axes
  3814 | D:6      | Succumbed to a gnoll sergeant's poison

Illustrated notes

Levels and vault maps discovered:
D:1:      eino_arrival_cavern_d, layout_basic, corexii_item_surrounded_by_moat,
          minmay_misc_feat_alley, minmay_pentomino_z4
D:2:      layout_rooms, basic_altar, uniq_natasha, uniq_sigmund
D:3:      layout_basic, serial_shops, shop, nicolae_shop_advertising_works
          [nicolae_subvault_shop_adworks], shop, nicolae_shop_hallway_plus,
          uniq_terence
D:4:      layout_cave_pools, nicolae_overflow_two_pavilions,
          mainiacjoe_overflow_catwalk_spiral, portal_sewer_entry_d,
          uniq_crazy_yiuf_cottage
D:5:      layout_loops_ring, nicolae_ru_path_of_blood,
          dreamdust_princess_corridor, grunt_ministairs_12,
          corexii_item_surrounded_by_moat, chequers_avenue
D:6:      layout_rooms, nicolae_vehumet_radiance, minmay_temple_entry_ruins,
          serial_shops, shop

Skill      XL: |  1  2  3  4  5  6  7  8 |
---------------+-------------------------+-----
Axes           | 4 5 6 7 8 |  8.0
Fighting       | 4 5 6 |  6.5
Armour         | 3 4 6 |  6.1
Dodging        | 3 |  3.9
Unarmed Combat | 1 |  1.0
Stealth        | |  0.9

Action                     |  1- 3 |  4- 6 |  7- 9 || total
---------------------------+-------+-------+-------++-------
  Melee: Hand axe          |    43 |   101 |    47 ||   191
         Headbutt          |     6 |    15 |    10 ||    31
         Punch             |       |     1 |       ||     1
         Unarmed           |       |     5 |       ||     5
 Invoke: Berserk           |     1 |     2 |     1 ||     4
 Armour: Scale mail        |    17 |    51 |    23 ||    91
  Dodge: Dodged            |    31 |    53 |    27 ||   111
